 Dungeon Crawl Stone Soup version 0.22-a0-348-gd16d1391c7 (webtiles) character file.

72 Laan the Magician (level 4, -9/24 HPs)
             Began as a Deep Elf Fire Elementalist on Apr 8, 2018.
             Mangled by a gnoll
             ... wielding a +0 club
              (10 damage)
             ... on level 1 of the Dungeon.
             The game lasted 00:02:09 (920 turns).

Laan the Magician (Deep Elf Fire Elementalist)       Turns: 920, Time: 00:02:09

Health: -9/24      AC:  2    Str:  5    XL:     4   Next: 7%
Magic:  6/12       EV: 13    Int: 21    God:
Gold:   42         SH:  0    Dex: 15    Spells: 7/11 levels left

rFire    . . .     SeeInvis .   i - +2 dagger (venom)
rCold    . . .     Gourm    .   (no shield)
rNeg     . . .     Faith    .   a - +0 robe
rPois    .         Spirit   .   (no helmet)
rElec    .         Reflect  .   (no cloak)
rCorr    .         Harm     .   (no gloves)
MR       .....                  (no boots)
Stlth    ++........             (no amulet)
HPRegen  0.08/turn              (no ring)
MPRegen  0.13/turn              (no ring)

@: no status effects
A: no striking features
a: no special abilities


You were on level 1 of the Dungeon.
You were not hungry.

You visited 1 branch of the dungeon, and saw 2 of its levels.

You collected 42 gold pieces.

Inventory:

Hand Weapons
 i - a +2 dagger of venom (weapon)
Missiles
 f - 6 tomahawks of returning (quivered)
Armour
 a - a +0 robe (worn)
Scrolls
 b - 3 scrolls of teleportation {unknown}
 d - 3 scrolls of identify {unknown}
 e - a scroll of amnesia {unknown}
Potions
 g - a potion of agility {unknown}
 h - a potion of curing {unknown}
 j - a potion of cancellation {unknown}
 k - a potion of degeneration {unknown}
Comestibles
 c - 3 rations
 l - a chunk of flesh


   Skills:
 - Level 2.4 Dodging
 - Level 2.4 Stealth
 + Level 4.1 Spellcasting
 * Level 3.6 Conjurations
 - Level 3.2 Fire Magic


You had 7 spell levels left.
You knew the following spells:

 Your Spells              Type           Power        Failure   Level  Hunger
a - Flame Tongue          Conj/Fire      ###..        2%          1    None
b - Conjure Flame         Conj/Fire      ###.....     9%          3    ###....


Dungeon Overview and Level Annotations

Branches:
Dungeon (2/15)

Altars:


Message History

The gnoll is heavily wounded.
The gnoll hits you with a club.
* * * LOW HITPOINT WARNING * * *
Casting: Flame Tongue (safe; 2% risk of failure)
Confirm with . or Enter, or press ? or * to list all spells.
Aiming: Flame Tongue (safe; 2% risk of failure)
Press: ? - help, Shift-Dir - straight line, f/p - gnoll
Aim: a gnoll, wielding a club (heavily wounded)
The flame tongue hits the gnoll.
The gnoll is severely wounded.
The gnoll closely misses you.
Casting: Flame Tongue (safe; 2% risk of failure)
Confirm with . or Enter, or press ? or * to list all spells.
Aiming: Flame Tongue (safe; 2% risk of failure)
Press: ? - help, Shift-Dir - straight line, f/p - gnoll
Aim: a gnoll, wielding a club (severely wounded)
The flame tongue hits the gnoll.
The gnoll is almost dead.
The gnoll hits you with a club!
You die...

.)......##..###.#####..##.#
##..###................##.#
##).##.....###.#####..##.#
##....#.### #.# #..##.#
##..###.# #.# #..##.##
#..#....# #.# #..##..#
##.......## #.#####.####.#
##.........####.g.....# #.#
................@####.# #.#
##.........####..# #.# #.#
#..##.....## #..# #.## #.#
...#..)....# ##..# #..# #(#
...#......)# #...# ##.# #.###
...#.......###.#.#####.###.(.#
..........##..).).).....####.#
...#..........).........[..#.#
...##.###....................##


You could see a gnoll.

Vanquished Creatures
  4 gnolls
  A dart slug (D:1)
  A leopard gecko (D:2)
  A giant cockroach (D:1)
  6 goblins
  3 hobgoblins (D:1)
  9 bats
  A frilled lizard (D:1)
  4 kobolds (D:1)
  A rat (D:2)
31 creatures vanquished.

Notes
Turn   | Place    | Note
-------+----------+-------------------------------------------
     0 | D:1      | Laan the Deep Elf Fire Elementalist began the quest for the Orb.
     0 | D:1      | Reached XP level 1. HP: 10/10 MP: 6/6
   146 | D:1      | Reached XP level 2. HP: 14/15 MP: 2/8
   503 | D:1      | Reached XP level 3. HP: 19/19 MP: 3/10
   760 | D:1      | Learned a level 3 spell: Conjure Flame
   808 | D:2      | Reached skill level 4 in Spellcasting
   829 | D:1      | Reached XP level 4. HP: 16/24 MP: 1/12
   918 | D:1      | HP: 1/24 [gnoll/club (6)]
   920 | D:1      | Mangled by a gnoll

Vault maps used:
D:1:      minmay_arrival_checkered_box
D:2:      solitary_fountain, kennysheep_decorative_pillar, minmay_surrounded

Skill      XL: |  1  2  3 |
---------------+----------+-----
Conjurations   | 2 3 |  3.6
Spellcasting   | 4 |  4.1
Dodging        | |  2.4
Stealth        | |  2.4
Fire Magic     | |  3.2

Action                   |  1- 3 |  4- 6 || total
-------------------------+-------+-------++-------
Melee: Dagger            |     5 |       ||     5
 Cast: Flame Tongue      |    50 |     8 ||    58
Armor: Robe              |     7 |       ||     7
Dodge: Dodged            |    19 |     4 ||    23

Table legend:
 A = Spawn XP
 B = Non-spawn XP
 C = Spawn XP percentage of total XP
 D = Spawn monster count
 E = Non-spawn monster count
 F = Spawn count percentage of total count
 G = Total turns spent on level
                    A         B        C        D         E        F      G
               +---------+---------+-------+---------+---------+-------+---------
         Total |       0 |     104 |   0.0 |       0 |      31 |   0.0 |   920
               +---------+---------+-------+---------+---------+-------+---------
           D:1 |       0 |      65 |   0.0 |       0 |      24 |   0.0 |   855
           D:2 |       0 |      39 |   0.0 |       0 |       7 |   0.0 |    65
               +---------+---------+-------+---------+---------+-------+---------
